 Dungeon Crawl Stone Soup version 0.28-a0-265-g048bc9fd10 (webtiles) character file.

Game seed: 10858082125056643725

978 Shayle the Ducker (level 8, -4/58 HPs)
             Began as a Djinni Warper on Aug 27, 2021.
             Killed from afar by an acid dragon (11 damage)
             ... with a splash of acid
             ... on level 8 of the Dungeon.
             The game lasted 00:19:02 (6809 turns).

Shayle the Ducker (Djinni Warper)                   Turns: 6809, Time: 00:19:03

Health: -4/58      AC: 12    Str:  9 (10) XL:     8   Next: 40%
Gold:   32         EV: 14    Int: 13 (16) God:
                   SH:  5    Dex: 16 (18)

rFire   + + .      SeeInvis .   s - +2 mace (protect)
rCold   . . .      Faith    .   (no shield)
rNeg    . . .      Spirit   .   a - +0 leather armour
rPois   ∞          Reflect  +   (helmet restricted)
rElec   .          Harm     .   i - +1 cloak
rCorr   +          Rampage  .   (no gloves)
Will    .....                   (boots unavailable)
Stlth   +.........              g - amulet of reflection
HPRegen 0.19/turn               t - ring of Panoxket {rC+ rCorr Dex+6 Slay-3}
MPRegen 0.00/turn               (no ring)

@: under a protective aura, flying
A: sickness immunity, fire resistance 2, cold vulnerability 1, float, innate
caster, hp casting, extra vitality 1, beak, deterioration 1, dopey 1, sense
surroundings 1
a: no special abilities


You were on level 8 of the Dungeon.
You visited 1 branch of the dungeon, and saw 7 of its levels.

You collected 162 gold pieces.
You spent 130 gold pieces at shops.

Inventory:

Hand Weapons
 d - a +2 dagger of speed
 h - a +4 falchion
 s - a +2 mace of protection (weapon)
 u - a +0 vorpal spear
Missiles
 c - 5 boomerangs of dispersal (quivered)
 j - 8 boomerangs
 r - 6 atropa-tipped darts
Armour
 a - a +0 leather armour (worn)
 i - a +1 cloak (worn)
 q - a +0 helmet
Jewellery
 g - an amulet of reflection (around neck)
 p - a ring of positive energy
 t - the ring of Panoxket (left hand) {rC+ rCorr Dex+6 Slay-3}
   (You bought it in a shop on level 1 of the Dungeon)

   [ring of dexterity]

   Dex:       It affects your dexterity (+6).
   Slay:      It affects your accuracy & damage with ranged weapons and melee
   (-3).
   rC:        It protects you from cold.
   rCorr:     It protects you from acid and corrosion.
Wands
 m - a wand of flame (31)
Scrolls
 b - 2 scrolls of blinking
 e - a scroll of identify
 l - 2 scrolls of immolation
 n - a scroll of magic mapping {unknown}
Potions
 f - a potion of degeneration


   Skills:
 + Level 4.9 Fighting
 - Level 0.7 Throwing
 - Level 1.0 Armour
 + Level 5.4 Dodging
 + Level 4.9 Unarmed Combat
 + Level 4.2 Spellcasting


You couldn't memorise any spells.
You knew the following spells:

 Your Spells              Type           Power      Damage    Failure   Level
a - Blink                 Tloc           N/A        N/A       8%          2
b - Lesser Beckoning      Tloc           6%         N/A       14%         3
c - Gell's Gravitas       Tloc           6%         N/A       14%         3
d - Teleport Other        Tloc           13%        N/A       14%         3
e - Manifold Assault      Tloc           13%        N/A       80%         5
f - Sting                 Tmut/Pois      52%        1d5       4%          1
g - Passwall              Tmut/Erth      10%        N/A       8%          2
h - Swiftness             Air            13%        N/A       14%         3
Your spell library was empty.

Dungeon Overview and Level Annotations

Branches:
Dungeon (8/15)
 Temple: D:4-7         Lair: D:8-11

Altars:
Elyvilon

Shops:
D:1 *   D:2 [

Annotations:
D:3 1 runed translucent door, Crazy Yiuf


Innate Abilities, Weirdness & Mutations

You are immune to sickness and miasma.
You are immune to poison.
Your flesh is very heat resistant. (rF++)
You are vulnerable to cold. (rC-)
You float through the air rather than walking.
You learn spells naturally, not from books.
Your magical power is your life essence.
You have superior vitality. (+4 HP)
You have a beak for a mouth.
Your body sometimes deteriorates upon taking damage.
You are dopey. (Int -2)
You passively map a small area around you.


Message History

The acid dragon spits acid at you. The splash of acid hits you! You resist.
The acid dragon barely misses you. You block the acid dragon's attack.
You hit the acid dragon but do no damage.
You punch the acid dragon, but do no damage.
The acid dragon is moderately wounded.
The acid dragon bites you. The acid dragon claws you.
You hit the acid dragon but do no damage.
The acid dragon is moderately wounded.
The acid dragon spits acid at you. The splash of acid misses you.
It was a potion of flight.
You feel more buoyant. The acid dragon bites you.
The acid dragon claws you but does no damage.
It was a potion of mutation.
You feel extremely strange.
You feel stupid.
You feel yourself wasting away.
You feel a strange attunement to the structure of the dungeons.
Your mouth lengthens and hardens into a beak!
Your +0 helmet falls away!
The acid dragon bites you!
* * * LOW HITPOINT WARNING * * *
The acid dragon closely misses you.
Your +2 mace of protection hums with potential!
s - a +2 mace of protection (weapon)
The acid dragon barely misses you. The acid dragon closely misses you.
You hit the acid dragon.
Your weapon exudes an aura of protection.
You peck the acid dragon, but do no damage.
The acid dragon is heavily wounded.
The acid dragon bites you!
* * * LOW HITPOINT WARNING * * *
Your body deteriorates!
You feel clumsy. You block the acid dragon's attack.
You hit the acid dragon but do no damage.
The acid dragon is moderately wounded.
You block the acid dragon's attack.
The acid dragon claws you but does no damage.
The acid dragon spits acid at you. The splash of acid hits you! You resist.
You die...

###≈≈...r≈#..## #
###...###.## # ##...
.## * # ####+# #
##.## ### * #
#####.... ,..# , #
#.)......####.####.#
# #..#
#........D....#
####.# #....##@# * *
.....# #....##.#
####.## ##.......#
#..###.#.#.####
#.#....#.#.#
#........#.#
#####......#
##.##### ###.######


You could see an acid dragon (catching breath).

Vanquished Creatures
  A water moccasin (D:3)
  A black bear (D:4)
  A necrophage (D:5)
  2 phantoms
  A bullfrog (D:8)
  A centaur zombie (D:5)
  A hound (D:3)
  2 bullfrog zombies (D:5)
  A bullfrog skeleton (D:4)
  Jessica (D:3)
  5 orc wizards
  Robin (D:2)
  A howler monkey zombie (D:8)
  2 gnolls
  4 adders
  An adder skeleton (D:4)
  A worm (D:3)
  4 dart slugs
  7 orcs
  5 endoplasms
  4 giant cockroaches
  13 goblins
  7 hobgoblins
  5 jackals
  4 quokkas
  5 ball pythons
  4 bats
  5 frilled lizards
  9 kobolds
  5 rats
104 creatures vanquished.

Vanquished Creatures (others)
  A quokka (D:8)
  5 withered plants (D:5)
6 creatures vanquished.

Grand Total: 110 creatures vanquished

Notes
Turn   | Place    | Note
-------+----------+-------------------------------------------
     0 | D:1      | Shayle the Djinni Warper began the quest for the Orb.
     0 | D:1      | Reached XP level 1. HP: 18/18 MP: 0/0
   369 | D:1      | Reached XP level 2. HP: 22/23 MP: 0/0
   919 | D:1      | Found Aciwniz's Assorted Antiques.
  1014 | D:1      | Reached XP level 3. HP: 24/29 MP: 0/0
  1014 | D:1      | Learned a level 1 spell: Sting
  1370 | D:2      | Found Tolaj's Armour Boutique.
  1602 | D:2      | Noticed Robin
  1749 | D:3      | Reached XP level 4. HP: 33/34 MP: 0/0
  1953 | D:3      | Reached skill level 3 in Dodging
  2164 | D:3      | Noticed Jessica
  2189 | D:3      | Killed Jessica
  2340 | D:3      | Reached XP level 5. HP: 40/40 MP: 0/0
  2340 | D:3      | Learned a level 2 spell: Passwall
  3224 | D:4      | Noticed a black bear
  3230 | D:4      | Killed a black bear
  3231 | D:4      | Reached XP level 6. HP: 46/46 MP: 0/0
  3284 | D:3      | Reached skill level 4 in Dodging
  3642 | D:3      | Found a runed translucent door.
  3643 | D:3      | Noticed Crazy Yiuf
  3801 | D:3      | Noticed a water moccasin
  3807 | D:3      | Killed a water moccasin
  3808 | D:3      | Reached XP level 7. HP: 45/52 MP: 0/0
  3808 | D:3      | Learned a level 3 spell: Swiftness
  3962 | D:2      | Killed Robin
  4236 | D:1      | Bought a vibrating bronze ring for 130 gold pieces
  4236 | D:1      | Identified the ring of Panoxket {rC+ rCorr Dex+6 Slay-3}
                  | (You bought it in a shop on level 1 of the Dungeon)
  4268 | D:2      | Found a faded altar of an unknown god.
  4688 | D:5      | Entered Level 5 of the Dungeon
  5530 | D:4      | Reached XP level 8. HP: 53/58 MP: 0/0
  5612 | D:4      | Reached skill level 5 in Dodging
  6058 | D:5      | You are sucked into a shaft and drop 3 floors!
  6081 | D:8      | Found a white marble altar of Elyvilon.
  6109 | D:8      | HP: 1/58 [sky beast (6)]
  6806 | D:8      | Gained mutation: You are dopey. (Int -2) [potion of
                  | mutation]
  6806 | D:8      | Gained mutation: Your body sometimes deteriorates upon
                  | taking damage. [potion of mutation]
  6806 | D:8      | Gained mutation: You passively map a small area around you.
                  | [potion of mutation]
  6806 | D:8      | Gained mutation: You have a beak for a mouth. [potion of
                  | mutation]
  6809 | D:8      | Killed from afar by an acid dragon

Illustrated notes

Levels and vault maps discovered:
D:1:      nagdon_arrival_zigzag_paths, layout_basic, serial_shops, shop
D:2:      layout_basic, serial_shops, nicolae_shop_competitors_out_of_business,
          hellmonk_ecumenical_altar_blasted, st_stairs_1, uniq_robin
D:3:      layout_basic, uniq_crazy_yiuf_cottage, uniq_jessica
D:4:      layout_rooms, minmay_pentangle
D:5:      layout_cave_pools, lemuel_zombie_altar_kikubaaqudgha, serial_undead,
          serial_undead_c, serial_undead_d, serial_undead_b, serial_undead_b
D:7:      layout_cave_pools, mainiacjoe_overflow_cross_hatched, serial_shops,
          nicolae_diamond_shop, nicolae_shop_behind_doors,
          nicolae_shop_temple_entry_statues_fountains, kennysheep_little_box,
          nicolae_inconvenience_store
D:8:      layout_loops_corners, elyvilon_altar_4, uniq_harold, uniq_grum

Skill      XL: |  1  2  3  4  5  6  7  8 |
---------------+-------------------------+-----
Dodging        | 3 4 5 |  5.4
Fighting       | 3 4 |  4.9
Unarmed Combat | 3 4 |  4.9
Spellcasting   | 3 4 |  4.2
Throwing       | |  0.7
Armour         | |  1.0

Action                   |  1- 3 |  4- 6 |  7- 9 || total
-------------------------+-------+-------+-------++-------
Melee: Unarmed           |    13 |       |       ||    13
       Dagger            |   105 |   187 |       ||   292
       Punch             |       |     1 |     8 ||     9
       Mace              |       |     6 |    35 ||    41
       Spear             |       |       |   160 ||   160
       Falchion          |       |       |    37 ||    37
       Peck              |       |       |     1 ||     1
Evoke: Wand              |       |    13 |     3 ||    16
  Use: Scroll            |       |       |     6 ||     6
       Potion            |       |       |     7 ||     7
Armor: Leather armour    |    28 |    24 |    95 ||   147
Dodge: Dodged            |    53 |    60 |   113 ||   226
Block: Other             |    14 |    29 |    54 ||    97
       Reflection        |     2 |     3 |       ||     5

Table legend: (Time is in decaauts)
 A = Elapsed time spent in this place.
 B = Non-inter-level travel time spent in this place.
 C = Inter-level travel time spent in this place.
 D = Time resting spent in this place.
 E = Time spent auto-exploring this place.
 F = Levels seen in this place.
 G = Mean time per level.
                   A        B        C        D        E       F      G
               +--------+--------+--------+--------+--------+-----+--------+
         Total |   6780 |   6565 |    215 |   2107 |   2599 |   7 |  968.6 |
       Dungeon |   6780 |   6565 |    215 |   2107 |   2599 |   7 |  968.6 |
               +--------+--------+--------+--------+--------+-----+--------+

Top non-repeatable levels by time:
     D:4: 1935 daAuts
     D:3: 1621 daAuts
     D:1: 1347 daAuts
     D:2: 882 daAuts
     D:8: 755 daAuts
     D:5: 233 daAuts
     D:7: 5 daAuts
